Map: Оксид РВ

Players

Didier - Winner!

  • Race: Protoss Protoss
  • League: Platinum
  • Spawn Location: 1:00

ИИ 1 (ученик)

  • Race: Zerg Zerg
  • Spawn Location: 7:00

VOD

Have the link to the VOD?

Description

Time

  • Played on: April 5, 2021, 8:49 a.m.
  • Length: 8:08
Show
View Real Time Build Order
Export as new Build Order

Didier Protoss - Winner!

Build Orders: Nexus First, Zealot Archon 

Get SALT Encoding   

  12  0:00  Probe  
  13  0:12  Probe  
  14  0:19  Pylon  
  14  0:24  Probe  
  15  0:37  Probe  
  16  0:49  Probe  
  17  1:01  Nexus  
  17  1:11  Gateway  
  17  1:14  Probe  
  18  1:22  Assimilator  
  18  1:26  Probe  
  18  1:28  Assimilator  
  19  1:38  Probe  
  20  1:46  Forge  
  20  1:50  Probe  
  21  2:03  Probe  
  22  2:08  Cybernetics Core  
  22  2:15  Probe x2  
  24  2:21  Photon Cannon  
  24  2:27  Probe x2 (Chrono Boost)  
  26  2:39  Probe x2 (Chrono Boost)  
  28  2:44  Probe x2 (Chrono Boost)  
  30  2:53  Probe x2  
  30  2:54  Stargate  
  32  3:05  Probe x2  
  34  3:06  Photon Cannon  
  34  3:09  Shield Battery  
  34  3:15  Pylon  
  34  3:17  Probe x2  
  36  3:29  Probe  
  36  3:30  Void Ray (Chrono Boost)  
  36  3:33  Probe  
  38  3:36  Pylon  
  42  3:43  Probe  
  42  3:47  Assimilator  
  44  3:48  Probe  
  44  3:49  Assimilator  
  44  3:56  Probe  
  44  3:57  Warp Gate  
  45  4:03  Pylon  
  45  4:08  Twilight Council  
  45  4:09  Probe x2  
  47  4:10  Robotics Facility  
  47  4:21  Probe  
  48  4:24  Pylon  
  48  4:27  Gateway  
  48  4:29  Gateway  
  48  4:31  Gateway  
  48  4:41  Pylon  
  48  4:42  Charge (Chrono Boost)  
  48  4:48  Templar Archives  
  48  5:02  Phoenix  
  50  5:08  Immortal (Chrono Boost)  
  54  5:20  Gateway x2  
  54  5:22  Void Ray  
  54  5:25  Gateway  
  58  5:34  Pylon  
  58  5:35  Nexus  
  58  5:37  Pylon, Warp Prism (Chrono Boost)  
  60  5:54  High Templar x3  
  66  5:57  Zealot  
  66  5:59  Archon  
  68  6:15  High Templar  
  68  6:17  Zealot x2  
  74  6:21  Pylon  
  74  6:23  Assimilator  
  74  6:29  Assimilator  
  74  6:40  High Templar  
  74  6:43  Zealot x5  
  86  6:47  Archon  
  86  6:52  Gateway  
  86  6:53  Gateway  
  86  6:54  High Templar  
  88  6:59  Archon  
  88  7:05  Zealot x5, Void Ray  
  98  7:12  Probe (Chrono Boost)  
  98  7:13  Probe (Chrono Boost)  
  98  7:14  Probe (Chrono Boost)  
  106  7:24  Probe (Chrono Boost)  
  106  7:25  Probe (Chrono Boost)  
  106  7:27  Observer  
  106  7:28  Probe (Chrono Boost)  
  106  7:29  Probe (Chrono Boost)  
  109  7:31  Pylon  
  109  7:32  Pylon  
  109  7:36  Probe, High Templar x2  
  113  7:38  Zealot x2  
  113  7:42  Archon  
  117  7:50  Zealot x3  
  117  7:51  Zealot x2  
Show
View Real Time Build Order
Export as new Build Order

ИИ 1 (ученик) Zerg 

Build Orders: Pool First 

Get SALT Encoding   

  12  0:00  Drone  
  13  0:12  Overlord  
  13  0:16  Drone  
  14  0:30  Drone  
  14  0:35  Drone  
  16  0:43  Spawning Pool  
  16  0:44  Extractor  
  16  0:46  Drone  
  15  0:50  Drone  
  16  0:57  Overlord  
  16  1:30  Queen, Zergling x2  
  19  1:33  Roach Warren  
  19  1:34  Extractor, Drone  
  18  1:41  Drone  
  18  1:42  Zergling x2  
  20  2:03  Overlord  
  20  2:14  Roach  
  22  2:15  Drone  
  23  2:24  Drone  
  24  2:35  Drone  
  25  2:37  Roach  
  25  2:39  Drone  
  25  2:43  Drone  
  29  2:48  Drone  
  30  2:57  Overlord  
  30  3:08  Roach  
  32  5:12  Roach, Overlord, Drone, Lair  
  35  5:16  Drone  
  35  5:20  Drone  
  37  5:24  Drone  
  37  5:51  Zergling x2  
  31  6:08  Roach  
  31  6:09  Overseer x2  
  33  6:14  Hydralisk Den  
  32  6:25  Roach  
  34  6:42  Roach  
  34  6:43  Hatchery  
  35  6:59  Hydralisk  
  37  7:16  Hydralisk  
  30  7:30  Hydralisk  
  29  7:41  Overlord x2  
  29  7:42  Drone  
  26  7:45  Roach  
  26  7:49  Drone  
  14  7:53  Drone  
Tags
 
Add a new tag
Caveats
  • Supply blocks, unpowered buildings, or Contaminate may cause inaccurate times.
  • Supply counts are checked every 10 seconds.